 Dungeon Crawl Stone Soup version 0.26.1-11-gd32895ea62 (webtiles) character file.

Game seed: 11666352359402281621

18131 Tirrikindir the Carver (level 12, -20/81 HPs)
             Began as an Octopode Fighter on June 9, 2021.
             Was an Initiate of Gozag.
             Killed from afar by Jorgrun (32 damage)
             ... with a blast of rock fragments
             ... on level 12 of the Dungeon.
             The game lasted 00:35:02 (12356 turns).

Tirrikindir the Carver (Octopode Fighter)          Turns: 12356, Time: 00:35:02

Health: -20/81     AC:  3    Str: 16    XL:     12   Next: 55%
Magic:  3/12       EV: 23    Int: 16    God:    Gozag
Gold:   146        SH: 17    Dex: 18    Spells: 11/11 levels left

rFire    + + .     SeeInvis .   I - +3 scimitar
rCold    . . .     Faith    .   b - +5 kite shield
rNeg     + . .     Spirit   .   (helmet restricted)
rPois    +         Reflect  .   q - amulet of regeneration
rElec    .         Harm     .   n - ring of poison resistance
rCorr    .         Rampage  .   p - ring of protection from fire
Will     .....                  r - +4 ring of evasion
Stlth    +++++.....             E - ring of Wishful Thinking {rN+ Str-3 Int+6 Dex+5}
HPRegen  0.63/turn              H - ring of protection from fire
MPRegen  0.13/turn              (no ring)
                                (no ring)
                                (no ring)

@: mighty, gold aura
A: almost no armour, stealthy swim, amphibious, 8 rings, constrict 8, fangs 1,
yellow scales 1, camouflage 1, screaming 1, gelatinous body 1, MP-powered wands
a: Renounce Religion, Potion Petition, Call Merchant, Bribe Branch


You were on level 12 of the Dungeon.
You worshipped Gozag.
Gozag was aware of your devotion.
You visited 2 branches of the dungeon, and saw 13 of its levels.
You also visited: Bailey.

You collected 2428 gold pieces.
You spent 255 gold pieces at shops.
You paid 2027 gold pieces to Gozag.

Inventory:

Hand Weapons
 l - a +1 falchion of flaming
 I - a +3 scimitar (weapon)
Missiles
 o - 54 boomerangs (quivered)
Armour
 b - a +5 kite shield (worn)
Jewellery
 n - a ring of poison resistance (left tentacle)
 p - a ring of protection from fire (right tentacle)
 q - an amulet of regeneration (around mantle)
 r - a +4 ring of evasion (on tentacle)
 D - an uncursed amulet of reflection
 E - the ring of Wishful Thinking (on tentacle) {rN+ Str-3 Int+6 Dex+5}
   (You acquired it in a bailey)

   [ring of intelligence]

   It affects your strength (-3).
   It affects your intelligence (+6).
   It affects your dexterity (+5).
   It protects you from negative energy.
 H - a ring of protection from fire (on tentacle)
Wands
 c - a wand of digging (2)
 s - a wand of iceblast (14)
 x - a wand of enslavement (8)
 G - a wand of acid (2)
 K - a wand of disintegration (4)
 L - a wand of paralysis (1)
Scrolls
 e - 2 scrolls of amnesia
 i - 2 scrolls of immolation
 j - 6 scrolls of remove curse
 t - a scroll of blinking
 y - a scroll of enchant weapon
 z - 2 scrolls of enchant armour
 F - a scroll of fear
Potions
 f - a potion of mutation
 g - 5 potions of brilliance
 h - 2 potions of flight
 k - 5 potions of curing
 m - 4 potions of heal wounds
 u - a potion of ambrosia
 v - a potion of degeneration {unknown}
 A - a potion of experience {unknown}
 B - a potion of invisibility {unknown}
 C - 4 potions of haste {unknown}
 J - a potion of resistance {unknown}
Miscellaneous
 a - a phial of floods (inert)


   Skills:
 + Level 7.2 Fighting
 * Level 11.5 Long Blades
 - Level 2.0 Throwing
 * Level 9.5 Dodging
 + Level 9.6 Stealth
 * Level 9.5 Shields
 + Level 6.1 Evocations


You had 11 spell levels left.
You didn't know any spells.
Your spell library contained the following spells:

 Spells                   Type           Power        Failure   Level
 Animate Skeleton         Necr           0%           45%         1
 Apportation              Tloc           0%           45%         1
 Corona                   Hex            0%           45%         1
 Sting                    Tmut/Pois      0%           45%         1
 Summon Small Mammal      Summ           0%           45%         1
 Ensorcelled Hibernation  Hex/Ice        0%           58%         2
 Poisonous Vapours        Pois/Air       0%           58%         2
 Confusing Touch          Hex            0%           83%         3
 Dazzling Flash           Conj/Hex       0%           83%         3
 Ignite Poison            Fire/Tmut/Pois 0%           83%         3
 Mephitic Cloud           Conj/Pois/Air  0%           83%         3
 Tukima's Dance           Hex            0%           83%         3
 Olgreb's Toxic Radiance  Pois           0%           99%         4


Dungeon Overview and Level Annotations

Branches:
Dungeon (12/15)            Temple (1/1) D:5            Lair (0/6) D:9
    Orc (0/2) D:11         Bailey (visited)

Altars:
Ashenzari
Cheibriados
Dithmenos
Elyvilon
Fedhas
Gozag
Hepliaklqana
Kikubaaqudgha
Makhleb
Nemelex Xobeh
Okawaru
Qazlal
Ru
Sif Muna
Trog
Uskayaw
Vehumet
Wu Jian
Xom
Yredelemnul
Zin
The Shining One

Shops:
D:8 (   D:9 }(

Annotations:
D:12 Jorgrun, Maurice, Snorg, Sonja


Innate Abilities, Weirdness & Mutations

You cannot wear most types of armour.
You are very stealthy in the water. (Stealth+)
You are amphibious.
You can wear up to eight rings at the same time.
You can use your tentacles to constrict eight enemies at once.
Your skin changes colour to match your surroundings (Stealth+).
Your rubbery body absorbs attacks. (AC +1, EV +1)
You have very sharp teeth.
You are partially covered in yellow scales. (AC +2)
You occasionally shout uncontrollably at your foes.
You expend magic power (3 MP) to strengthen your wands.


Message History

You hear a grinding noise.
A yak comes into view.
You shout at the yak!
Jorgrun casts a spell at you.
You struggle to resist.
Found a stone staircase leading up.
The sentinel's mark upon you fades away.
The yak becomes distracted by your gold, dreaming of imaginary riches.
Snorg becomes distracted by your gold, dreaming of imaginary riches.
The yak bellows!
You hear a loud, deep croak!
Snorg shouts!
Snorg is no longer distracted by gold.
Snorg becomes distracted by your gold, dreaming of imaginary riches.
Jorgrun points at you and mumbles some strange words.
The wall shatters!
The blast of rock fragments hits you!!
* * * LOW HITPOINT WARNING * * *
Jorgrun gestures at you while chanting.
The wall shatters!
The blast of rock fragments hits you!!
You die...
Your body crumbles into a pile of gold.

. .# ##. ... ...
...# #.###.#.# #.
#.#<....#
#..###.....#
#..#.....#
##.....@# #...##..#
#.#.....#
##.#.....##
#.##.........#
..Y..#>......# ....
....Y........#
...##..#####g..T..#
.......# #.......#


You could see Jorgrun, Snorg (berserk, unaware) and a yak.

Vanquished Creatures
  An orc warlord (Bailey)
  2 boulder beetles (D:11)
  A hydra (D:11)
  2 two-headed ogres (D:9)
  Nergalle (D:12)
  An unseen horror (D:12)
  Pikel (D:4)
  An ugly thing (D:11)
  A centaur zombie (D:10)
  A kobold demonologist (D:8)
  The ghost of Patoropollo the Ducker, a novice OpFi (D:4)
  2 centaur skeletons (D:11)
  A komodo dragon (D:11)
  A troll (D:11)
  Sigmund (D:2)
  2 shadows (D:11)
  A wyvern (D:10)
  A spriggan (D:9)
  17 yaks
  A wraith (D:12)
  A water moccasin (D:6)
  An ice beast (D:11)
  2 eyes of draining
  3 sky beasts
  A necrophage (D:9)
  3 orc warriors
  7 ogres
  3 phantoms
  10 centaurs
  2 lemures (D:4)
  11 big kobolds
  6 bullfrogs
  A gnoll sergeant (D:9)
  A water moccasin zombie (D:9)
  5 scorpions
  9 killer bees
  8 wights
  2 howler monkeys (D:5)
  7 bullfrog zombies
  A quasit (D:7)
  5 jellies
  11 hounds
  4 orc priests
  7 orc wizards
  2 bullfrog skeletons
  Ijyb (D:5)
  5 worker ants
  A hound zombie (D:6)
  3 hound skeletons
  2 worker ant zombies
  8 gnolls
  9 adders
  5 shadow imps
  3 white imps
  An ufetubus (D:10)
  2 oozes (D:1)
  3 worms
  3 dart slugs
  4 leopard geckos
  28 orcs
  5 bats
  2 giant cockroaches (D:1)
  13 goblins
  10 hobgoblins
  11 jackals
  41 kobolds
  A quokka (D:4)
  3 ball pythons
  2 frilled lizards
  A jackal zombie (D:7)
  4 rats
324 creatures vanquished.

Vanquished Creatures (others)
  4 withered plants (D:5)
4 creatures vanquished.

Grand Total: 328 creatures vanquished

Notes
Turn   | Place    | Note
-------+----------+-------------------------------------------
     0 | D:1      | Tirrikindir the Octopode Fighter began the quest for the
                  | Orb.
     0 | D:1      | Reached XP level 1. HP: 16/16 MP: 1/1
   195 | D:1      | Reached XP level 2. HP: 13/21 MP: 2/2
   345 | D:1      | Reached skill level 1 in Stealth
   511 | D:1      | Reached XP level 3. HP: 26/26 MP: 3/3
  1269 | D:2      | Noticed Sigmund
  1276 | D:2      | Killed Sigmund
  1277 | D:2      | Reached skill level 3 in Long Blades
  1277 | D:2      | Reached XP level 4. HP: 18/33 MP: 4/4
  1277 | D:2      | Reached XP level 5. HP: 21/37 MP: 5/5
  1415 | D:2      | Found a shadowy altar of Dithmenos.
  1781 | D:3      | Reached XP level 6. HP: 43/43 MP: 6/6
  2085 | D:3      | Reached skill level 4 in Long Blades
  2449 | D:3      | Found a sparkling altar of Nemelex Xobeh.
  2726 | D:4      | Noticed Patoropollo's ghost (novice OpFi)
  2730 | D:4      | Found a runed translucent door.
  3032 | D:4      | Reached XP level 7. HP: 39/48 MP: 7/7
  3255 | D:4      | Gained mutation: You have very sharp teeth. [potion of
                  | mutation]
  3255 | D:4      | Gained mutation: You occasionally shout uncontrollably at
                  | your foes. [potion of mutation]
  3255 | D:4      | Gained mutation: You are partially covered in yellow
                  | scales. (AC +2) [potion of mutation]
  3255 | D:4      | Gained mutation: You expend magic power (3 MP) to
                  | strengthen your wands. [potion of mutation]
  3266 | D:4      | Noticed Pikel
  3284 | D:4      | Killed Pikel
  3285 | D:4      | Reached skill level 7 in Long Blades
  3285 | D:4      | Reached XP level 8. HP: 32/54 MP: 8/8
  3817 | D:5      | Entered Level 5 of the Dungeon
  3982 | D:5      | Noticed Ijyb
  3983 | D:5      | Reached skill level 8 in Long Blades
  3989 | D:5      | Killed Ijyb
  4191 | D:5      | Found a broken altar of Ashenzari.
  4268 | D:5      | Found a staircase to the Ecumenical Temple.
  4274 | Temple   | Entered the Ecumenical Temple
  4282 | Temple   | Became a worshipper of Gozag Ym Sagoz the Greedy
  4582 | D:5      | Found a basalt altar of Yredelemnul.
  4689 | D:5      | Found an ornate altar of the Wu Jian Council.
  5020 | D:5      | Found a hide-covered altar of Uskayaw.
  5120 | D:6      | Reached XP level 9. HP: 53/59 MP: 9/9
  5165 | D:6      | Reached skill level 5 in Dodging
  5165 | D:6      | Reached skill level 5 in Stealth
  5178 | D:6      | Reached skill level 5 in Shields
  5276 | D:6      | Reached skill level 1 in Evocations
  5301 | D:6      | Reached skill level 1 in Throwing
  6801 | D:7      | Reached skill level 9 in Long Blades
  7229 | D:7      | Found a radiant altar of Vehumet.
  7527 | D:8      | Reached skill level 5 in Fighting
  7630 | D:8      | Reached XP level 10. HP: 54/66 MP: 10/10
  7694 | D:8      | Found a flagged portal.
  7710 | Bailey   | Entered a bailey
  7745 | Bailey   | Noticed an orc warlord
  7901 | Bailey   | Found a runed translucent gate.
  7919 | Bailey   | Found a runed translucent gate.
  7920 | Bailey   | Found a runed translucent gate.
  8017 | Bailey   | Killed an orc warlord
  8059 | Bailey   | Got a vibrating lead ring
  8062 | Bailey   | Identified the ring "Gabi" {Ice Dex+5 Slay-5} (You found it
                  | in a bailey)
  8071 | Bailey   | Identified a scroll of acquirement
  8071 | Bailey   | Acquired the ring of Wishful Thinking {rN+ Str-3 Int+6
                  | Dex+5}
  8129 | D:8      | Found a shadowy altar of Dithmenos.
  8245 | D:8      | Noticed a kobold demonologist
  8255 | D:8      | Noticed a smoke demon
  8276 | D:8      | Noticed a rust devil
  8277 | D:8      | Killed a kobold demonologist
  8415 | D:8      | Found a stormy altar of Qazlal.
  8422 | D:8      | Reached skill level 10 in Long Blades
  8886 | D:9      | Noticed a two-headed ogre
  8898 | D:9      | Killed a two-headed ogre
  8899 | D:9      | Reached XP level 11. HP: 72/72 MP: 11/11
  8970 | D:9      | Found a blossoming altar of Fedhas.
  9031 | D:9      | Found a staircase to the Lair.
  9081 | D:9      | Noticed a two-headed ogre
  9090 | D:9      | Killed a two-headed ogre
  9441 | D:10     | Entered Level 10 of the Dungeon
 10674 | D:11     | Noticed a purple ugly thing
 10676 | D:11     | Noticed a boulder beetle
 10692 | D:11     | Reached skill level 5 in Evocations
 10703 | D:11     | Killed a purple ugly thing
 10707 | D:11     | Killed a boulder beetle
 10770 | D:11     | Noticed a boulder beetle
 10963 | D:11     | Reached skill level 11 in Long Blades
 10975 | D:11     | Reached XP level 12. HP: 32/80 MP: 12/12
 11264 | D:11     | Found a staircase to the Orcish Mines.
 11304 | D:11     | Noticed a four-headed hydra
 11316 | D:11     | Killed a one-headed hydra
 12042 | D:4      | Killed Patoropollo's ghost
 12178 | D:11     | Killed a boulder beetle
 12246 | D:9      | Bought a wand of disintegration (4) for 120 gold pieces
 12246 | D:9      | Bought a wand of paralysis (7) for 135 gold pieces
 12307 | D:12     | Noticed Nergalle
 12317 | D:12     | Killed Nergalle
 12320 | D:12     | Noticed Snorg
 12320 | D:12     | Noticed Maurice
 12331 | D:12     | Noticed Sonja
 12347 | D:12     | Noticed Jorgrun
 12356 | D:12     | Killed from afar by Jorgrun

Illustrated notes

Levels and vault maps discovered:
D:1:      heliophobic_arrival_dark_side_of_the_moon, layout_basic,
          grunt_decor_fettered
D:2:      layout_basic, grunt_dithmenos_smoke, uniq_sigmund
D:3:      layout_basic, overflow_temple_1_default, serial_bayou_crossing
D:4:      layout_loops_corners, hellmonk_ghost_happy_afterlife, uniq_pikel
D:5:      layout_loops_ring, yredelemnul_altar_generic, evilmike_ruin_ashenzari,
          old_standard_altar, kennysheep_little_box, minmay_temple_entry_hall,
          corner_web_ring, hangedman_abyss_or_decor_stabs, uniq_ijyb
D:6:      layout_loops_ring, amcnicky_mini_corridor_feature
D:7:      layout_loops_corners, kennysheep_mini
D:8:      layout_cave_pools, lemuel_round_altar, special_room
          [special_room_kobold], enter_bailey_3, basic_altar
D:9:      layout_roguey, fedhas_altar_1, lair_entry_dummy, the_bakery
D:10:     layout_loops_ring
D:11:     layout_grid_maze, orc_0_dummy
D:12:     layout_rooms, serial_corexii_hall, corexii_hall_statues_s,
          corexii_hall_statues_s, uniq_nergalle, uniq_jorgrun, uniq_snorg,
          uniq_sonja, uniq_maurice
Temple:   cyrus_circular_temple

Skill      XL: |  1  2  3  4  5  6  7  8  9 10 11 12 |
---------------+-------------------------------------+-----
Stealth        | 1 3 4 6 7 8 9 |  9.6
Long Blades    | 3 4 7 8 9 10 11 | 11.5
Fighting       | 4 5 6 7 |  7.2
Shields        | 4 6 7 8 9 |  9.5
Dodging        | 4 6 7 8 9 |  9.5
Evocations     | 2 4 5 6 |  6.1
Throwing       | 2 |  2.0

Action                   |  1- 3 |  4- 6 |  7- 9 | 10-12 || total
-------------------------+-------+-------+-------+-------++-------
Melee: Long sword        |    52 |    63 |   224 |   165 ||   504
       Tentacles         |    11 |    20 |    69 |   156 ||   256
       Constrict         |    13 |    22 |    47 |    86 ||   168
       Bite              |       |       |    39 |    88 ||   127
       Scimitar          |       |       |       |   341 ||   341
       Falchion          |       |       |       |    11 ||    11
Throw: Boomerang         |       |       |    13 |    18 ||    31
Invok: Call Merchant     |       |       |       |     3 ||     3
Evoke: Wand              |       |       |       |    25 ||    25
       Phial of floods   |       |       |       |     1 ||     1
  Use: Scroll            |     5 |       |    14 |    12 ||    31
       Potion            |     1 |       |     2 |     8 ||    11
 Stab: Sleeping          |     6 |    11 |     6 |     9 ||    32
       Distracted        |       |       |     2 |     4 ||     6
Armor: Skin              |     3 |     5 |    14 |    14 ||    36
Dodge: Dodged            |    21 |    18 |    75 |   242 ||   356
Block: Kite shield       |    23 |    28 |   106 |   376 ||   533
       Rpst.: Long sword |     5 |     5 |    16 |    18 ||    44
       Scimitar          |       |       |       |    42 ||    42
       Falchion          |       |       |       |     2 ||     2
